 Dungeon Crawl Stone Soup version 0.30-a0-782-ge64f9170bb (webtiles) character file.

Game seed: 3575952093864653072

345 sanka the Cleaver (level 6, -6/52 HPs)
             Began as a Hill Orc Fighter on Feb 28, 2023.
             Mangled by a gnoll sergeant
             ... wielding a +3 vampiric spear
              (7 damage)
             ... on level 4 of the Dungeon.
             The game lasted 00:04:31 (3313 turns).

sanka the Cleaver (Hill Orc Fighter)                Turns: 3313, Time: 00:04:32

Health: -6/52      AC: 15    Str: 19    XL:     6   Next: 58%
Magic:  6/6        EV:  7    Int:  8    God:
Gold:   161        SH:  4    Dex: 12    Spells: 5/5 levels left

rFire   . . .      SeeInvis +    a - +0 war axe
rCold   . . .      Faith    .    c - +0 buckler
rNeg    . . .      Spirit   .    i - +0 chain mail
rPois   .          Reflect  .    (no helmet)
rElec   .          Harm     .    y - +0 cloak
rCorr   .          Rampage  .    (no gloves)
Will    .....                    j - +0 pair of boots Stlth
                                 o - amulet of the acrobat
HPRegen 0.28/turn                s - +4 ring of protection
MPRegen 0.10/turn                g - ring of see invisible

@: no status effects
A: no striking features
a: no special abilities


You were on level 4 of the Dungeon.
You visited 1 branch of the dungeon, and saw 5 of its levels.

You collected 161 gold pieces.


   Skills:
 - Level 4.0 Fighting
 + Level 8.8 Axes
 - Level 3.2 Armour
 - Level 3.2 Shields


You had 5 spell levels left.
You didn't know any spells.
Your spell library contained the following spells:

 Spells                   Type           Power      Damage    Failure   Level
 Kiss of Death            Conj/Necr      0%         2d5       100%        1
 Confusing Touch          Hex            0%         N/A       100%        3
 Stone Arrow              Conj/Erth      0%         3d7       100%        3
 Animate Armour           Summ/Erth      0%         N/A       100%        4
 Dispel Undead            Necr           0%         3d6       100%        4
 Lehudib's Crystal Spear  Conj/Erth      0%         10d2      100%        8

Inventory:

Hand Weapons
 a - a +0 war axe (weapon)
 p - a +2 whip of electrocution
Armour
 b - a +0 scale mail
 c - a +0 buckler (worn)
 i - a +0 chain mail (worn)
 j - a +0 pair of boots (worn)
 y - a +0 cloak (worn)
Magical Staves
 w - a staff of cold
Jewellery
 e - a ring of ice
 g - a ring of see invisible (right hand)
 h - a ring of flight
 o - an amulet of the acrobat (around neck)
 s - a +4 ring of protection (left hand)
 A - a ring of fire
Wands
 t - a wand of flame (3)
 x - a wand of roots (5)
Scrolls
 f - 2 scrolls of identify {unknown}
 l - a scroll of magic mapping {unknown}
 m - a scroll of poison {unknown}
 q - a scroll of teleportation {unknown}
 r - a scroll of torment {unknown}
 v - 3 scrolls of blinking {unknown}
Potions
 d - 2 potions of might
 k - a potion of degeneration {unknown}
 n - 2 potions of mutation {unknown}
 u - a potion of magic {unknown}
 z - a potion of flight {unknown}

Dungeon Overview and Level Annotations

Branches:
Dungeon (5/15)
 Temple: D:4-7

Altars:

Annotations:
D:3 1 runed translucent door, Takeo's ghost, amateur HOFi
D:5 Grinder

..................▒.▒▒▒.▒
..................▒..▒▒.▒
................▒.......▒
..........▒..▒▒...▒▒..▒▒▒
..........▒......)....▒▒
..........<....▒.......▒▒
(▒.....▒.▒▒.........)...▒
....▒▒.▒.▒▒▒.▒▒..g......▒
.....▒...▒ ▒.▒▒(ol......▒
▒.▒.....▒▒▒▒.▒▒.))......▒
▒.▒.....................▒
▒.▒▒▒▒..▒..▒............▒
▒..▒▒▒.......▒▒.........▒
[......▒▒▒...▒▒.........▒
.......▒ ▒▒▒▒▒▒.........▒
.......▒ ▒.........▒
.......▒ ▒▒.......▒▒


You could see a gnoll sergeant and an iguana.


Message History

The gnoll sergeant is moderately wounded.
You closely miss the iguana.
The iguana bites you but does no damage.
The gnoll sergeant hits you with a +3 vampiric spear.
* * * LOW HITPOINT WARNING * * *
The gnoll sergeant draws strength from your wounds!
Unknown command.
You slash the gnoll sergeant!
The gnoll sergeant is severely wounded.
You hit the iguana.
The iguana bites you but does no damage.
The gnoll sergeant hits you but does no damage.
The iguana bites you.
* * * LOW HITPOINT WARNING * * *
The gnoll sergeant hits you with a +3 vampiric spear!
* * * LOW HITPOINT WARNING * * *
The gnoll sergeant draws strength from your wounds!
Unknown command.
You completely miss the gnoll sergeant.
The gnoll sergeant is moderately wounded.
You slash the iguana!
The iguana bites you but does no damage.
The gnoll sergeant hits you but does no damage.
Unknown command.
You hit the iguana.
The iguana is severely wounded.
You hit the gnoll sergeant but do no damage.
You block the iguana's attack.
The gnoll sergeant hits you with a +3 vampiric spear!
You die...

Action                     |  1- 3 |  4- 6 || total
---------------------------+-------+-------++-------
  Melee: War axe           |   134 |   175 ||   309
 Armour: Scale mail        |    20 |       ||    20
         Chain mail        |    42 |   106 ||   148
  Dodge: Dodged            |    44 |    69 ||   113
  Block: Buckler           |    33 |    43 ||    76

Levels and vault maps discovered:
D:1:      lightli_arrival_chessboard, layout_basic, minmay_pentomino_s2
D:2:      layout_basic, kennysheep_boxes, uniq_terence
D:3:      layout_basic, hellmonk_ghost_happy_afterlife, grunt_decor_fettered,
          uniq_ijyb
D:4:      layout_rooms
D:5:      layout_loops_ring, nicolae_overflow_hidden_temple,
          gammafunk_temple_overflow_pools, minmay_temple_entry_poolview,
          grunt_ministairs_15, uniq_grinder

Notes
Turn   | Place    | Note
-------+----------+-------------------------------------------
     0 | D:1      | sanka the Hill Orc Fighter began the quest for the Orb.
     0 | D:1      | Reached XP level 1. HP: 19/19 MP: 1/1
   102 | D:1      | Reached skill level 3 in Axes
   127 | D:1      | Reached XP level 2. HP: 25/27 MP: 2/2
   152 | D:1      | Reached skill level 4 in Fighting
   313 | D:1      | Reached skill level 4 in Axes
   581 | D:1      | Reached XP level 3. HP: 33/33 MP: 3/3
  1314 | D:2      | Noticed Terence
  1459 | D:2      | Reached skill level 5 in Axes
  1619 | D:2      | Killed Terence
  1620 | D:2      | Reached XP level 4. HP: 30/40 MP: 4/4
  1828 | D:3      | Noticed Ijyb
  1858 | D:3      | Killed Ijyb
  1859 | D:3      | Reached skill level 6 in Axes
  2021 | D:3      | Reached XP level 5. HP: 46/46 MP: 5/5
  2195 | D:3      | Noticed Takeo's ghost (amateur HOFi)
  2430 | D:3      | Noticed a black bear
  2441 | D:3      | Killed a black bear
  2442 | D:3      | Reached skill level 7 in Axes
  2442 | D:3      | Reached XP level 6. HP: 50/52 MP: 6/6
  2537 | D:3      | Found a runed translucent door.
  2610 | D:3      | Reached skill level 8 in Axes
  3133 | D:5      | Entered Level 5 of the Dungeon
  3150 | D:5      | Noticed Grinder
  3311 | D:4      | HP: 1/52 [gnoll sergeant/+3 vampiric spear (8)]
  3313 | D:4      | Mangled by a gnoll sergeant

Vanquished Creatures
  A black bear (D:3)
  A jelly (D:5)
  An orc priest (D:4)
  Terence (D:2)
  Ijyb (D:3)
  A gnoll (D:4)
  3 adders
  4 dart slugs
  A worm (D:4)
  11 orcs
  9 ball pythons
  7 bats
  6 endoplasms
  5 giant cockroaches
  9 goblins
  4 hobgoblins
  4 quokkas
  3 frilled lizards
  8 kobolds
  11 rats
91 creatures vanquished.
